 Dungeon Crawl Stone Soup version 0.29.1-2-gbd0b4ee654 (webtiles) character file.

Game seed: 16889099661236194901

43 GorkyZ the Shield-Bearer (level 3, -1/30 HPs)
             Began as a Formicid Fighter on Nov 19, 2022.
             Slain by a goblin
             ... wielding a +0 club
             ... led by Robin
              (2 damage)
             ... on level 2 of the Dungeon.
             The game lasted 00:01:55 (1160 turns).

GorkyZ the Shield-Bearer (Formicid Fighter)         Turns: 1160, Time: 00:01:58

Health: -1/30      AC:  7    Str: 22    XL:     3   Next: 82%
Magic:  3/3        EV:  9    Int:  7    God:
Gold:   42         SH:  5    Dex: 13    Spells: 2/2 levels left

rFire   . . .      SeeInvis +   a - +0 war axe
rCold   . . .      Faith    .   c - +0 buckler
rNeg    . . .      Spirit   .   b - +0 scale mail
rPois   .          Reflect  .   (helmet unavailable)
rElec   .          Harm     .   (no cloak)
rCorr   .          Rampage  .   (no gloves)
Will    .....                   (no boots)
Stlth   ..........              (no amulet)
HPRegen 0.10/turn               (no ring)
MPRegen 0.08/turn               (no ring)

@: no status effects
A: permanent stasis, dig shafts and tunnels, antennae 3, four strong arms
a: Dig, Shaft Self


You were on level 2 of the Dungeon.
You visited 1 branch of the dungeon, and saw 2 of its levels.

You collected 42 gold pieces.

Inventory:

Hand Weapons
 a - a +0 war axe (weapon)
Missiles
 h - 2 poisoned darts (quivered)
Armour
 b - a +0 scale mail (worn)
 c - a +0 buckler (worn)
Jewellery
 e - a +4 ring of evasion
Scrolls
 f - a scroll of enchant weapon {unknown}
 g - a scroll of teleportation {unknown}
 i - a scroll of acquirement {unknown}
 j - a scroll of identify {unknown}
Potions
 d - a potion of might


   Skills:
 + Level 3.6 Fighting
 + Level 2.4 Axes
 + Level 0.7 Throwing
 + Level 3.7 Armour
 + Level 4.5 Shields


You had 2 spell levels left.
You didn't know any spells.
Your spell library was empty.

Dungeon Overview and Level Annotations

Branches:
Dungeon (2/15)

Altars:

Annotations:
D:2 Robin


Innate Abilities, Weirdness & Mutations

You cannot be hasted, slowed, berserked, paralysed or teleported.
You can dig through walls and to a lower floor.
You have a pair of large antennae on your head. (SInv)
Your four strong arms can wield two-handed weapons with a shield.


Message History

* * * LOW HITPOINT WARNING * * *
You barely miss the goblin.
The goblin is moderately wounded.
You closely miss the goblin. You hit the hobgoblin.
You kill the hobgoblin!
You hit the goblin but do no damage. The goblin hits you with a +0 dagger.
* * * LOW HITPOINT WARNING * * *
The goblin hits you with a +0 dagger.
* * * LOW HITPOINT WARNING * * *
You hit the goblin.
You kill the goblin!
You closely miss the goblin. You barely miss the goblin.
The goblin barely misses you. The goblin hits you but does no damage.
You hit Robin but do no damage. You closely miss the goblin. x2
You hit the goblin.
You kill the goblin!
The goblin no longer looks unusually strong.
Robin throws the goblin at you! The goblin hits you with a +0 club.
* * * LOW HITPOINT WARNING * * *
The goblin hits you but does no damage. Robin closely misses you.
The goblin closely misses you. The goblin completely misses you.
The goblin hits you but does no damage.
You closely miss Robin. You hit the goblin but do no damage.
You closely miss the goblin. You completely miss the goblin.
The goblin no longer looks unusually strong.
Robin says, "Bow before me, strongest of all the hobgoblins!"
You block the goblin's attack. The goblin barely misses you.
The goblin hits you but does no damage.
You hit Robin but do no damage. You closely miss the goblin.
You completely miss the goblin. You hit the goblin but do no damage.
The goblin no longer looks unusually strong. x2
Robin hits you but does no damage. The goblin closely misses you.
You block the goblin's attack. x5
You completely miss Robin. You slash the goblin!
You kill the goblin!
You hit the goblin. You barely miss the goblin.
Robin roars a battlecry!
The goblins go into a battle-frenzy!
The goblin closely misses you. The goblin hits you with a +0 club.
You die...

#.# #.#
##+##.#
#.....#
#.....#
#.....#
#.....#
{###)g..#
#gg@####
#gg#g#
....{#.#
..... #'#
...g. ...
.... ...
....
.....
.....
#......


You could see Robin, a hobgoblin and 4 goblins.

Vanquished Creatures
  An adder (D:2)
  A dart slug (D:1)
  4 ball pythons (D:1)
  4 giant cockroaches (D:1)
  2 hobgoblins
  4 jackals (D:1)
  A quokka (D:1)
  A bat (D:1)
  A frilled lizard (D:1)
  6 goblins
  3 kobolds (D:1)
  2 rats (D:1)
30 creatures vanquished.

Notes
Turn   | Place    | Note
-------+----------+-------------------------------------------
     0 | D:1      | GorkyZ the Formicid Fighter began the quest for the Orb.
     0 | D:1      | Reached XP level 1. HP: 18/18 MP: 1/1
   120 | D:1      | Reached XP level 2. HP: 24/24 MP: 2/2
   520 | D:1      | Reached XP level 3. HP: 28/29 MP: 3/3
  1144 | D:2      | Noticed Robin
  1157 | D:2      | HP: 1/30 [goblin/+0 club[Robin] (2)]
  1160 | D:2      | Slain by a goblin

Illustrated notes

Levels and vault maps discovered:
D:1:      psy_arrival_wood_between_worlds, layout_loops_ring
D:2:      layout_basic, uniq_robin

Action                   || total
-------------------------++-------
Melee: War axe           ||    78
Armor: Scale mail        ||    40
Dodge: Dodged            ||    47
Block: Buckler           ||    19
